Map: [ESL] Crimson Court

Players

Krystianer

  • Race: Protoss Protoss
  • Spawn Location: 1:00

SKillous - Winner!

  • Race: Protoss Protoss
  • Spawn Location: 7:00

Event: ESL SC2 Masters 2024 Spring (Regional)

VOD

Have the link to the VOD?

Description

Time

  • Played on: April 27, 2024, 11:37 a.m.
  • Length: 12:28

All games in this series

Show
View Real Time Build Order
Export as new Build Order

Krystianer Protoss 

Build Orders: Phoenix Opening 

Get SALT Encoding   

  12  0:00  Probe  
  13  0:12  Probe  
  14  0:17  Pylon  
  14  0:24  Probe (Chrono Boost)  
  16  0:37  Probe (Chrono Boost), Gateway  
  16  0:42  Probe (Chrono Boost)  
  16  0:45  Assimilator  
  17  0:51  Probe (Chrono Boost)  
  17  0:53  Assimilator  
  18  1:03  Probe (Chrono Boost)  
  19  1:06  Gateway  
  19  1:12  Probe (Chrono Boost)  
  19  1:18  Probe  
  20  1:23  Cybernetics Core  
  21  1:30  Probe  
  22  1:34  Pylon  
  22  1:42  Probe  
  23  1:54  Probe  
  23  1:59  Adept x2  
  23  2:00  Warp Gate  
  28  2:04  Pylon  
  28  2:06  Probe  
  29  2:23  Stargate  
  29  2:24  Probe  
  29  2:29  Adept  
  32  2:32  Adept  
  34  2:50  Shield Battery  
  34  2:58  Pylon  
  34  3:04  Probe  
  34  3:05  Phoenix (Chrono Boost)  
  35  3:08  Shield Battery  
  35  3:12  Shield Battery  
  37  3:24  Shield Battery  
  36  3:28  Phoenix  
  36  3:30  Shield Battery  
  38  3:43  Nexus  
  38  4:00  Pylon, Stalker  
  39  4:13  Phoenix (Chrono Boost)  
  39  4:23  Stalker  
  37  4:27  Stalker  
  39  4:33  Phoenix (Chrono Boost)  
  41  4:40  Shield Battery  
  41  4:42  Probe  
  42  4:47  Stalker  
  44  5:00  Probe  
  44  5:01  Probe  
  44  5:03  Phoenix (Chrono Boost)  
  50  5:19  Phoenix  
  52  5:24  Stalker  
  52  5:25  Stalker  
  52  5:26  Probe  
  55  5:30  Probe  
  56  5:39  Robotics Facility  
  56  5:40  Probe  
  56  5:42  Probe  
  58  5:54  Probe (Chrono Boost)  
  58  5:57  Probe (Chrono Boost)  
  58  5:58  Pylon  
  57  6:04  Probe (Chrono Boost)  
  57  6:07  Probe (Chrono Boost)  
  57  6:09  Probe (Chrono Boost)  
  59  6:15  Twilight Council  
  59  6:17  Phoenix, Probe  
  62  6:20  Assimilator  
  62  6:21  Probe  
  62  6:25  Pylon  
  63  6:29  Probe  
  64  6:36  Gateway x2  
  64  6:37  Probe  
  65  6:42  Phoenix (Chrono Boost)  
  65  6:46  Charge (Chrono Boost)  
  67  6:47  Probe  
  67  6:53  Zealot x2  
  72  6:59  Pylon  
  72  7:06  Phoenix (Chrono Boost)  
  74  7:16  Pylon  
  74  7:19  Nexus  
  74  7:24  Zealot  
  74  7:26  Zealot  
  74  7:29  Probe  
  79  7:30  Probe  
  79  7:34  Pylon  
  80  7:40  Zealot  
  80  7:41  Zealot  
  84  7:45  Probe  
  84  7:46  Probe  
  86  7:54  Zealot x2  
  91  8:01  Gateway  
  91  8:03  Probe  
  91  8:04  Probe  
  91  8:13  Zealot x2  
  91  8:17  Probe  
  96  8:20  Templar Archives  
  96  8:21  Probe  
  97  8:29  Probe  
  97  8:32  Probe  
  97  8:33  Probe  
  98  8:39  Zealot x2  
  102  8:45  Zealot  
  102  8:46  Gateway  
  104  8:48  Zealot  
  104  8:51  Probe  
  104  8:53  Probe  
  104  9:01  Shield Battery  
  105  9:03  Immortal (Chrono Boost)  
  105  9:07  Gateway x2  
  105  9:09  Shield Battery  
  108  9:13  High Templar x2  
  108  9:14  High Templar x2  
  116  9:18  Pylon  
  116  9:20  Assimilator  
  116  9:25  Archon, Forge  
  116  9:30  Archon  
  116  9:31  Pylon  
  116  9:35  Immortal (Chrono Boost)  
  116  9:38  Pylon, Sentry  
  122  9:42  Gateway  
  122  9:43  Zealot  
  124  9:45  Probe  
  125  9:55  High Templar x2  
  125  9:56  Zealot x2  
  133  10:05  Archon, Immortal (Chrono Boost)  
  136  10:07  Zealot x3  
  136  10:12  Pylon  
  139  10:21  Protoss Ground Weapons Level 1  
  133  10:23  Probe x2  
  134  10:36  Zealot x3, Warp Prism (Chrono Boost)  
  134  10:40  Zealot  
  134  10:41  Zealot  
  118  10:50  Zealot x3  
  118  10:54  Probe  
  111  11:00  High Templar x2  
  115  11:08  Zealot x4  
  119  11:24  Immortal (Chrono Boost)  
  119  11:25  High Templar x2  
  119  11:26  Zealot  
  119  11:32  Zealot x3, Archon x2  
  135  11:38  Zealot x2  
  139  11:44  Zealot  
  133  11:53  Observer  
  98  12:03  Zealot x4  
Show
View Real Time Build Order
Export as new Build Order

SKillous Protoss - Winner!

Build Orders: Phoenix Opening 

Get SALT Encoding   

  12  0:00  Probe  
  13  0:12  Probe  
  14  0:17  Pylon  
  14  0:24  Probe (Chrono Boost)  
  15  0:36  Probe (Chrono Boost), Gateway  
  16  0:44  Probe (Chrono Boost)  
  16  0:45  Assimilator  
  17  0:51  Probe  
  18  0:57  Assimilator  
  18  1:03  Probe (Chrono Boost)  
  19  1:07  Gateway  
  20  1:12  Probe (Chrono Boost)  
  20  1:17  Probe (Chrono Boost)  
  20  1:24  Cybernetics Core  
  21  1:29  Probe  
  22  1:34  Pylon  
  22  1:41  Probe  
  23  1:53  Probe  
  24  2:01  Adept x2  
  24  2:02  Warp Gate  
  24  2:08  Probe  
  29  2:14  Pylon  
  29  2:19  Pylon  
  29  2:22  Probe  
  30  2:29  Stargate  
  30  2:34  Probe  
  31  2:41  Pylon  
  31  2:46  Stalker  
  31  2:48  Stalker  
  35  2:55  Pylon  
  35  3:00  Pylon  
  35  3:04  Probe  
  38  3:14  Phoenix (Chrono Boost)  
  38  3:16  Probe  
  38  3:20  Shield Battery  
  38  3:28  Probe  
  38  3:30  Phoenix (Chrono Boost)  
  41  3:40  Probe  
  42  3:46  Pylon  
  42  3:52  Phoenix (Chrono Boost)  
  44  4:03  Stalker  
  44  4:08  Pylon  
  46  4:11  Probe  
  46  4:23  Stalker  
  47  4:27  Nexus  
  47  4:36  Stalker  
  47  4:37  Probe  
  50  4:42  Robotics Facility  
  50  4:48  Stalker  
  52  4:53  Probe (Chrono Boost)  
  53  5:01  Twilight Council  
  53  5:05  Probe (Chrono Boost)  
  50  5:10  Sentry  
  50  5:11  Probe (Chrono Boost), Shield Battery  
  53  5:17  Pylon  
  53  5:19  Probe  
  54  5:32  Blink (Chrono Boost), Probe (Chrono Boost)  
  55  5:38  Probe (Chrono Boost)  
  55  5:41  Sentry  
  58  5:44  Assimilator  
  58  5:49  Probe (Chrono Boost)  
  60  5:50  Probe (Chrono Boost)  
  60  5:54  Stalker  
  60  5:55  Probe (Chrono Boost)  
  60  5:56  Probe (Chrono Boost)  
  63  6:05  Probe  
  63  6:08  Probe, Gateway x2  
  65  6:12  Pylon  
  65  6:16  Stalker  
  67  6:18  Probe  
  67  6:22  Robotics Facility  
  68  6:27  Stalker  
  68  6:32  Probe  
  71  6:43  Nexus  
  71  6:46  Pylon  
  71  6:49  Probe (Chrono Boost)  
  71  6:52  Probe (Chrono Boost)  
  73  6:59  Probe (Chrono Boost)  
  73  7:00  Forge  
  75  7:01  Probe (Chrono Boost)  
  75  7:04  Probe (Chrono Boost)  
  75  7:07  Observer  
  76  7:11  Probe  
  76  7:12  Pylon  
  76  7:13  Charge  
  78  7:16  Probe  
  78  7:17  Templar Archives  
  78  7:20  Gateway  
  79  7:27  Protoss Ground Weapons Level 1 (Chrono Boost)  
  79  7:35  Gateway  
  79  7:37  Shield Battery, Gateway  
  79  7:46  Shield Battery  
  79  7:47  Shield Battery  
  79  7:57  High Templar x2  
  79  7:58  Pylon  
  83  8:02  Photon Cannon  
  83  8:04  Archon  
  83  8:10  Stalker x2  
  87  8:26  Pylon, Stalker  
  89  8:30  Photon Cannon, Probe (Chrono Boost)  
  89  8:31  Photon Cannon  
  88  8:35  Probe (Chrono Boost)  
  88  8:38  Probe (Chrono Boost)  
  88  8:40  Probe (Chrono Boost)  
  85  8:42  Zealot x3  
  85  8:44  Probe (Chrono Boost)  
  85  8:45  Probe x2 (Chrono Boost)  
  94  8:48  Stalker  
  94  8:54  Probe  
  94  8:55  Pylon  
  97  8:59  Warp Prism (Chrono Boost)  
  98  9:04  High Templar x2  
  98  9:09  Probe  
  103  9:12  Archon  
  103  9:17  Protoss Ground Weapons Level 2 (Chrono Boost)  
  103  9:18  Pylon  
  103  9:23  Nexus  
  103  9:26  Pylon, Probe  
  103  9:28  Probe x2  
  103  9:30  Zealot x2  
  110  9:39  Probe  
  110  9:42  Zealot x4  
  119  9:52  Probe  
  115  9:54  Probe x2  
  115  10:04  Probe  
  106  10:22  High Templar  
  106  10:24  High Templar x2  
  106  10:25  Zealot x5  
  120  10:29  Archon, Gateway  
  120  10:34  Gateway  
  109  10:48  Zealot  
  109  10:49  Zealot x4, Warp Prism  
  99  10:50  Probe x2 (Chrono Boost)  
  99  10:56  Probe (Chrono Boost)  
  99  10:57  Probe (Chrono Boost)  
  81  11:02  Probe (Chrono Boost)  
  81  11:03  Unknown, Probe (Chrono Boost)  
  83  11:04  Photon Cannon  
  83  11:08  High Templar  
  83  11:09  High Templar  
  83  11:10  Probe x2 (Chrono Boost)  
  83  11:12  Probe (Chrono Boost)  
  83  11:15  Probe  
  85  11:22  Archon  
  85  11:25  Stalker x4  
  93  11:26  Zealot  
  93  11:30  Zealot x2  
  96  11:43  Zealot x2  
  96  11:45  Pylon  
  100  11:50  Pylon  
  100  11:52  Zealot  
  100  11:53  Zealot x3  
  108  11:55  Zealot  
  108  11:59  Zealot  
  110  12:03  Zealot  
  110  12:04  Zealot  
  98  12:09  Probe x2  
  98  12:12  Probe  
  98  12:13  Zealot x2  
Tags
 
Add a new tag
Caveats
  • Supply blocks, unpowered buildings, or Contaminate may cause inaccurate times.
  • Supply counts are checked every 10 seconds.